 Dungeon Crawl Stone Soup version 0.13.2 (webtiles) character file.

164 zdzicho121 the Digger (level 3, -2/19 HPs)
             Began as a Gargoyle Earth Elementalist on Dec 30, 2023.
             Slain by a green rat (7 damage)
             ... on Level 2 of the Dungeon.
             The game lasted 00:03:02 (2290 turns).

zdzicho121 the Digger (Gargoyle Earth Elementalist) Turns: 2290, Time: 00:03:02

HP  -2/19        AC  5     Str 11      XL: 3   Next: 81%
MP   0/6         EV 12     Int 16      God:
Gold 113         SH  0     Dex 10      Spells:  2 memorised,  1 level left

Res.Fire  : . . .   See Invis. : .   a - +0 elf short sword
Res.Cold  : . . .   Warding    : .   c - +0 robe
Life Prot.: + . .   Conserve   : .   (no shield)
Res.Poison: +       Res.Corr.  : .   (no helmet)
Res.Elec. : +       Clarity    : .   (no cloak)
Sust.Abil.: . .     Spirit.Shd : .   (no gloves)
Res.Mut.  : .       Stasis     : .   (no boots)
Res.Rott. : +       Flight     : .   (no amulet)
Saprovore : . . .                    (no ring)
                                     (no ring)

@: not resistant to hostile enchantments, fairly stealthy
A: fangs 1, talons 2, life protection 1, electricity resistance, slow metabolism
1, unbreathing, petrification resistance, AC +3
a: no special abilities


You were on level 2 of the Dungeon.
You were hungry.

You visited 1 branch of the dungeon, and saw 2 of its levels.

You collected 93 gold pieces.

Inventory:

Hand weapons
 a - a +0,+0 elven short sword (weapon)
 s - a +0,+0 dagger
Missiles
 b - 81 stones (quivered)
Armour
 c - a +0 robe (worn)
Magical devices
 u - a wand of digging (5)
 y - a wand of polymorph (3)
Comestibles
 q - 2 meat rations
 r - a bread ration
 w - 13 sultanas
Scrolls
 e - 2 scrolls of remove curse {unknown}
 f - a scroll of recharging {unknown}
 g - a scroll of blinking {unknown}
 h - 3 scrolls of identify {unknown}
 j - a scroll of amnesia {unknown}
 k - a scroll of noise {unknown}
 l - 2 scrolls of teleportation {unknown}
 n - a scroll of enchant armour {unknown}
 o - 2 scrolls of enchant weapon I {unknown}
 v - a scroll of enchant weapon II {unknown}
 x - a scroll of fear {unknown}
Potions
 i - 2 potions of curing {unknown}
 m - 3 potions of heal wounds {unknown}
 p - a potion of magic {unknown}
 t - a potion of slowing {unknown}
Books
 d - a book of Geomancy

   Spells                             Type                      Level
   *Sandblast                         Earth                        1
   Stoneskin                          Transmutation/Earth          2
   Passwall                           Transmutation/Earth          3
   *Stone Arrow                       Conjuration/Earth            3
   Petrify                            Transmutation/Earth          4
   Lee's Rapid Deconstruction         Earth                        5


   Skills:
 - Level 1.5 Dodging
 - Level 2.1 Stealth
 + Level 1.9 Spellcasting
   Level 0.7 Transmutations
 + Level 5.0 Earth Magic


You had one spell level left.
You knew the following spells:

 Your Spells              Type           Power        Failure   Level  Hunger
a - Sandblast             Erth           ###...       2%          1    #......
b - Stone Arrow           Conj/Erth      #.....       21%         3    ####...


Dungeon Overview and Level Annotations

Branches:
Dungeon (2/27)

Altars:
Nemelex Xobeh


Innate Abilities, Weirdness & Mutations

You are resistant to torment.
You are immune to poison.
Your stone body is very resilient (AC +3).
You have very sharp teeth.
You have razor-sharp toenails.
You resist negative energy.
You are resistant to electric shocks.
You have a slow metabolism.
You can survive without breathing.
You are immune to petrification.


Message History

Aiming: Sandblast
Press: ? - help, Shift-Dir - straight line, f/p - green rat
Aim: a green rat (lightly wounded)
The blast of sand misses the green rat.
The green rat bites you.
Casting: Sandblast
Confirm with . or Enter, or press ? or * to list all spells.
Aiming: Sandblast
Press: ? - help, Shift-Dir - straight line, f/p - green rat
Aim: a green rat (lightly wounded)
The blast of sand misses the green rat.
The green rat barely misses you.
Casting: Sandblast
Confirm with . or Enter, or press ? or * to list all spells.
You don't have enough magic to cast that spell.
The green rat bites you.
* * * LOW HITPOINT WARNING * * *
Casting: Sandblast
Confirm with . or Enter, or press ? or * to list all spells.
You don't have enough magic to cast that spell.
The green rat bites you!
You die...

#.# ##### #.# ....#
#.####### ....#
#.#....># ....#
#.#.##..# ....###
#.#.##..# ......##
#.#.##..# ....#..#####
#r#.##..# )..###.....#
##@#.##..#
..#####..#.##.##.#.##..#
.#+#.###...............#
###._.###..##.##.#.##..#
.#'#.###...##.#(.#.##..#
..#####....# .#.##.##..#
#..###..#####.#. #.##..#
##..#..## #.#. #.##..#
##...#######.## #.##..#


You could see a green rat.

Vanquished Creatures
  2 adders (D:2)
  A worm (D:1)
  2 giant geckos (D:1)
  3 bats
  6 hobgoblins
  2 ball pythons
  2 giant newts (D:1)
  2 goblins
  5 kobolds (D:2)
  3 rats
28 creatures vanquished.

Notes
Turn   | Place    | Note
--------------------------------------------------------------
     0 | D:1      | zdzicho121, the Gargoyle Earth Elementalist, began the quest for the Orb.
     0 | D:1      | Reached XP level 1. HP: 10/10 MP: 3/3
   375 | D:1      | Reached skill level 4 in Earth Magic
   420 | D:1      | Reached XP level 2. HP: 13/15 MP: 2/4
  1409 | D:2      | Reached XP level 3. HP: 19/19 MP: 4/6
  1602 | D:2      | Learned a level 3 spell: Stone Arrow
  1951 | D:2      | Found a sparkling altar of Nemelex Xobeh.
  2072 | D:2      | Reached skill level 5 in Earth Magic
  2290 | D:2      | Slain by a green rat

Action                   || total
-------------------------++-------
Melee: Unarmed           ||     8
       Short sword       ||    18
 Cast: Sandblast         ||    60
Evoke: Wand              ||     2
